 Dungeon Crawl Stone Soup version 0.19-a0-1268-g6c5d9f8 (webtiles) character file.

200 RogueShenanigans the Poker (level 5, -2/45 HPs)
             Began as a Centaur Gladiator on Aug 29, 2016.
             Slain by Duvessa
             ... wielding a +3 rapier of protection
              (6 damage)
             ... on level 4 of the Dungeon.
             The game lasted 00:08:41 (3056 turns).

RogueShenanigans the Poker (Centaur Gladiator)      Turns: 3056, Time: 00:08:41

Health: -2/45      AC:  9    Str: 17    XL:     5   Next: 48%
Magic:  5/5        EV:  9    Int:  7    God:
Gold:   181        SH:  0    Dex: 11    Spells: 0 memorised, 4 levels left

rFire  . . .     SeeInvis .     x - +0 halberd
rCold  . . .     Gourm    .     C - +2 ring mail {rPois}
rNeg   + . .     Faith    .     (shield currently unavailable)
rPois  +         Spirit   .     c - +0 helmet
rElec  .         Dismiss  .     w - +0 cloak (curse)
rCorr  .         Reflect  .     (no gloves)
MR     .....     Harm     .     (no barding)
Stlth  +.........               (no amulet)
                                s - ring of stealth
                                m - ring of positive energy

@: very quick
A: hooves 3, deformed body, speed 2, tough skin 3
a: no special abilities


You were on level 4 of the Dungeon.
You were not hungry.

You visited 1 branch of the dungeon, and saw 4 of its levels.

You collected 181 gold pieces.

Inventory:

Hand Weapons
 a - a +1 trident
 x - a +0 halberd (weapon)
Missiles
 d - 3 throwing nets (quivered)
Armour
 b - a +0 leather armour
 c - a +0 helmet (worn)
 h - a +3 leather armour
 l - a +0 ring mail
 w - a cursed +0 cloak (worn)
 C - a +2 ring mail of poison resistance (worn)
Jewellery
 m - a ring of positive energy (left hand)
 s - a ring of stealth (right hand)
Wands
 y - a wand of random effects (31/48)
Scrolls
 e - 2 scrolls of remove curse
 p - a scroll of magic mapping {unknown}
 u - a scroll of immolation {unknown}
 v - a scroll of identify
Potions
 i - a potion of agility
 j - a potion of might
 k - 3 potions of heal wounds
 n - a potion of degeneration {unknown}
 o - a potion of curing {unknown}
 q - a potion of lignification {unknown}
 r - 2 potions of invisibility {unknown}
 t - a potion of flight {unknown}
 z - a potion of cancellation {unknown}
Comestibles
 g - 4 fruits
 A - a royal jelly
 B - 2 beef jerkies


   Skills:
 + Level 3.2 Fighting
 * Level 5.1 Polearms
 - Level 2.1 Throwing
 - Level 0.2 Armour
 - Level 2.1 Dodging


You had 4 spell levels left.
You didn't know any spells.

Dungeon Overview and Level Annotations

Branches:
Dungeon (4/15)
 Temple: D:4-7

Altars:
Hepliaklqana
Qazlal
Uskayaw
Xom

Annotations:
D:4 Dowan, Duvessa


Innate Abilities, Weirdness & Mutations

You have hooves in place of feet.
Armour fits poorly on your strangely shaped body.
You cover ground very quickly.
You have extremely tough skin. (AC +3)


Message History

Duvessa hits you with a rapier of protection!
* * * LOW HITPOINT WARNING * * *
You hit Duvessa but do no damage. You kick Duvessa.
Duvessa is severely wounded.
Duvessa hits you but does no damage. x2
Your ring mail prevents you from hitting Duvessa.
Your kick misses Duvessa.
Duvessa is severely wounded.
Duvessa closely misses you.
You hit Duvessa but do no damage.
Duvessa is severely wounded.
Duvessa hits you with a rapier of protection.
* * * LOW HITPOINT WARNING * * *
Duvessa hits you but does no damage.
You hit Duvessa but do no damage. You kick Duvessa, but do no damage.
Duvessa is severely wounded.
Duvessa hits you with a rapier of protection.
* * * LOW HITPOINT WARNING * * *
Duvessa hits you with a rapier of protection.
You die...

#. #.##
#.##.######..
............#
.##..........###
...............
e............###.#
........<........#
...#e........######
#..........ee@..#
#..>..#########.#
#.#.#.# #.# # # #..
#.# #.## #.# #.#
#.# #.# ##.### #..
#..<.# ### ######


You could see Duvessa and Dowan.

Vanquished Creatures
  An iguana (D:4)
  An orc wizard (D:3)
  3 gnolls (D:3)
  3 adders
  An adder skeleton (D:4)
  A worm (D:2)
  2 dart slugs
  3 giant geckos (D:1)
  4 orcs (D:3)
  8 giant cockroaches
  4 goblins
  5 hobgoblins
  7 jackals (D:2)
  10 kobolds
  A quokka (D:3)
  2 ball pythons
  3 bats
  A giant gecko skeleton (D:3)
  8 giant newts
  A jackal skeleton (D:3)
  10 rats
79 creatures vanquished.

Notes
Turn   | Place    | Note
-------+----------+-------------------------------------------
     0 | D:1      | RogueShenanigans the Centaur Gladiator began the quest for the Orb.
     0 | D:1      | Reached XP level 1. HP: 17/17 MP: 1/1
    54 | D:1      | Found a shimmering altar of Xom.
    76 | D:1      | Reached skill level 3 in Polearms
   156 | D:1      | Reached XP level 2. HP: 21/24 MP: 2/2
  1064 | D:2      | Reached XP level 3. HP: 25/29 MP: 3/3
  1385 | D:2      | Reached skill level 4 in Polearms
  1438 | D:2      | Reached XP level 4. HP: 31/37 MP: 4/4
  1880 | D:3      | Noticed a dagger
  1880 | D:3      | Noticed a dagger
  1886 | D:3      | Found a hide-covered altar of Uskayaw.
  1937 | D:3      | Reached XP level 5. HP: 27/45 MP: 5/5
  2371 | D:3      | Found a stormy altar of Qazlal.
  2371 | D:3      | Found a hazy altar of Hepliaklqana.
  2372 | D:3      | Found a shimmering altar of Xom.
  3021 | D:4      | Reached skill level 5 in Polearms
  3026 | D:4      | Noticed Duvessa
  3027 | D:4      | Noticed Dowan
  3056 | D:4      | Slain by Duvessa

Vault maps used:
D:1:      dpeg_arrival_tiny_d, xom_teletrap_fun
D:3:      gammafunk_temple_overflow_claw, dancing_weapons_uskayaw, serial_glass,
          glass_columns_c, glass_columns_c
D:4:      serial_shops, shop, uniq_duvessa

Skill      XL: |  1  2  3  4  5 |
---------------+----------------+-----
Polearms       | 3 4 5 |  5.1
Fighting       | 3 |  3.2
Throwing       | |  2.1
Armour         | |  0.2
Dodging        | |  2.1

Action                   |  1- 3 |  4- 6 || total
-------------------------+-------+-------++-------
Melee: Trident           |   136 |    53 ||   189
       Kick              |    16 |    24 ||    40
       Halberd           |       |    73 ||    73
  Use: Scroll            |     6 |       ||     6
 Stab: Sleeping          |       |     2 ||     2
  Eat: Chunk             |     1 |     2 ||     3
       Bread ration      |       |     1 ||     1
Armor: Leather armour    |    39 |    32 ||    71
       Ring mail         |    16 |     9 ||    25
Dodge: Dodged            |    58 |    36 ||    94
